AoeStats
← SHIOZEN

Hideout

509307700Analyzed
1v1 RM · 6d ago on Sep 26, 2026· 25m 42s· 2 players
Game mode
Random Map
Map size
Tiny (2 player)
Population
200
Speed
Normal
Resources
Standard
Victory
Conquest
Starting age
Dark Age
Ending age
Imperial Age
RankedLock teamsTeams togetherTeam positionsShared explorationLock speedFull tech treeHidden civsTurbo modeCheats
Victory
Defeat
🇩🇪 Bohemians · Germany
1524
+17
🇨🇴 Spanish · Colombia
1538
-17
chunin
10:34 Feudal Age
14:12 Castle Age
13:03 Double-Bit Axe
13:13 Loom
16:30 Chemistry
21:31 Devotion
24:32 Fervor
SHIOZEN
7:19 Loom
10:21 Feudal Age
14:13 Castle Age
13:14 Double-Bit Axe
13:10 Horse Collar
24:27 Padded Archer Armor
24:17 Fletching
24:29 Elite Skirmisher
25:14 Thumb Ring
Connection lost

Rejoining the realm…

Still unreachable

The connection could not be restored.

Session expired

The server has moved on; the page needs a fresh start.